 Dungeon Crawl Stone Soup version 0.28.0-53-g5a82cb258f (webtiles) character file.

Game seed: 9389677306838294128

52 Faeu the Insei (level 4, -1/34 HPs)
             Began as a Djinni Transmuter on May 30, 2022.
             Slain by an adder (3 damage)
             ... on level 3 of the Dungeon.
             The game lasted 00:08:31 (3140 turns).

Faeu the Insei (Djinni Transmuter)                  Turns: 3140, Time: 00:08:31

Health: -1/34      AC:  3    Str:  9    XL:     4   Next: 8%
Gold:   92         EV: 12    Int: 15    God:
                   SH:  0    Dex: 15

rFire   + + .      SeeInvis .   e - +2 short sword (vamp) {short}
rCold   x . .      Faith    .   (no shield)
rNeg    . . .      Spirit   .   a - +0 robe
rPois   ∞          Reflect  .   (no helmet)
rElec   .          Harm     .   (no cloak)
rCorr   .          Rampage  .   j - +0 pair of gloves
Will    .....                   (boots unavailable)
Stlth   +.........              (no amulet)
HPRegen 0.11/turn               (no ring)
MPRegen 0.00/turn               (no ring)

@: wereblooded (expiring), flying
A: sickness immunity, fire resistance 2, cold vulnerability 1, float, innate
caster, HP casting, extra vitality 1
a: no special abilities


You were on level 3 of the Dungeon.
You visited 1 branch of the dungeon, and saw 3 of its levels.

You collected 92 gold pieces.


Innate Abilities, Weirdness & Mutations

You are immune to sickness and miasma.
You are immune to poison.
Your flesh is very heat resistant. (rF++)
You are vulnerable to cold. (rC-)
You float through the air rather than walking.
You learn spells naturally, not from books.
Your magical power is your life essence.
You have superior vitality. (+4 MHP)


   Skills:
 + Level 2.3 Fighting
 + Level 1.4 Short Blades
 - Level 2.4 Dodging
 - Level 3.1 Unarmed Combat
 - Level 1.7 Spellcasting


You couldn't memorise any spells.
You knew the following spells:

 Your Spells              Type           Power      Damage    Failure   Level
a - Beastly Appendage     Tmut           12%        N/A       11%         1
b - Wereblood             Tmut           6%         N/A       17%         2
c - Spider Form           Tmut/Pois      6%         N/A       32%         3
d - Ice Form              Ice/Tmut       6%         N/A       73%         4
e - Pain                  Necr           24%        1d5       11%         1
Your spell library was empty.

Inventory:

Hand Weapons
 c - a +0 club {mace}
   (You took it off a goblin on level 1 of the Dungeon)
 e - a +2 vampiric short sword (weapon) {short}
   (You found it on level 1 of the Dungeon)
Missiles
 g - 57 stones (quivered) {throwing}
Armour
 a - a +0 robe (worn)
 j - a +0 pair of gloves (worn)
   (You found it on level 2 of the Dungeon)
Jewellery
 i - an amulet of guardian spirit
   (You found it on level 2 of the Dungeon)
Scrolls
 b - a scroll of immolation {unknown}
 d - a scroll of identify {unknown}
 f - a scroll of fear {unknown}
Potions
 h - a potion of attraction {unknown}

Dungeon Overview and Level Annotations

Branches:
Dungeon (3/15)

Altars:

Shops:
D:2 [

Annotations:
D:2 Robin

#.....#.........####.#.#
.......................+
....#.#)############.l.#
.#.##.#.# #...#
......#.# #...#
.#....#.# #...#
+####.#.# #...# #.#.#
###+#...#### #.#.#
#@S.o....$..# .....
####.#.!.#..# ..#.#
....(....# ##
##..#....## .#..#...# #
#.....# ..#... ...


You could see an adder and an orc.


Message History

You take 2 damage, and now have 30/34 hp.
You hit the goblin.
You feel better.
You feel a bit better.
You kill the goblin!
You howl as the wereblood boils in your veins! 😎 HP[+4]
You howl as the wereblood boils in your veins!
Items here: )) ††.
You howl as the wereblood boils in your veins!
Your primal bloodlust is almost over.
You howl as the wereblood boils in your veins!
You howl as the wereblood boils in your veins!
Your primal bloodlust has ended.
An adder comes into view.
The adder hisses angrily.
An orc wizard comes into view. It is wielding a +0 dagger.
The adder closely misses you.
You barely miss the adder. The adder barely misses you.
The adder closely misses you.
You hit the adder. The adder bites you but does no damage.
You hit the adder. The adder bites you.
The adder bites you but does no damage. 😕 HP[-2]
You take 2 damage, and now have 32/34 hp.
You miss the adder.
The orc wizard shouts!
You hear a shout!
The adder bites you. 😕 HP[-4]
You take 4 damage, and now have 28/34 hp.
You closely miss the adder. The adder bites you. 😮 HP[-4]
You take 4 damage, and now have 24/34 hp.
You hit the adder but do no damage. The adder closely misses you.
The orc wizard casts a spell.
The orc wizard flickers and vanishes!
Deactivating autopickup; reactivate with Ctrl-A.
The adder bites you. 😮 HP[-3]
You take 3 damage, and now have 21/34 hp.
Casting: Wereblood (safe; 17% risk of failure)
Confirm with . or Enter, or press ? or * to list all spells.
Your blood is infused with primal strength.
The adder barely misses you. 😮 HP[-2]
You take 2 damage, and now have 19/34 hp.
You closely miss the adder. The adder bites you but does no damage.
An orc comes into view.
It is wielding a +0 short sword. 😮 HP[+1]
You miss the adder. The adder bites you.
* * * LOW HITPOINT WARNING * * *
Something hits you but does no damage. The adder misses you. 😨 HP[-4]
You take 4 damage, and now have 16/34 hp.
You barely miss something. Something hits you.
* * * LOW HITPOINT WARNING * * *
The adder barely misses you. 😨 HP[-1]
You take 1 damage, and now have 15/34 hp.
You miss something. The adder bites you.
* * * LOW HITPOINT WARNING * * *
Something hits you but does no damage. 😨 HP[-1]
You take 1 damage, and now have 14/34 hp.
You miss the adder. The adder barely misses you.
You hear some strange, mumbled words.
A puff of flame appears from out of thin air!
The puff of flame hits you. You resist.
* * * LOW HITPOINT WARNING * * *
The adder barely misses you. Something hits you.
* * * LOW HITPOINT WARNING * * *
😨 HP[-3]
You take 3 damage, and now have 11/34 hp.
You barely miss the adder. The adder misses you. The adder bites you.
* * * LOW HITPOINT WARNING * * *
A frilled lizard comes into view.
The adder bites you.
* * * LOW HITPOINT WARNING * * *
😨 HP[-2]
You take 2 damage, and now have 9/34 hp.
You closely miss the adder. The adder bites you but does no damage.
The frilled lizard hisses angrily.
You hit the adder. The orc hits you with a +0 short sword.
* * * LOW HITPOINT WARNING * * *
The adder bites you.
* * * LOW HITPOINT WARNING * * *
You hear some strange, mumbled words.
Something tries to affect you, but you resist.
The orc hits you with a +0 short sword.
* * * LOW HITPOINT WARNING * * *
😱 HP[-4]
You take 4 damage, and now have 5/34 hp.
The adder bites you.
* * * LOW HITPOINT WARNING * * *
The adder closely misses you. The adder bites you.
* * * LOW HITPOINT WARNING * * *
😱 HP[-3]
You take 3 damage, and now have 2/34 hp.
Your primal bloodlust is almost over.
You hit the adder. The adder bites you.
You die...

Skill      XL: |  1  2  3 |
---------------+----------+-----
Fighting       | 2 |  2.3
Short Blades   | 1 |  1.4
Dodging        | |  2.4
Unarmed Combat | |  3.1
Spellcasting   | |  1.7

Action                   |  1- 3 |  4- 6 || total
-------------------------+-------+-------++-------
Melee: Club              |    29 |       ||    29
       Unarmed           |     8 |       ||     8
       Headbutt          |     3 |       ||     3
       Punch             |     1 |     1 ||     2
       Short sword       |    63 |    32 ||    95
 Cast: Beastly Appendage |     2 |       ||     2
       Wereblood         |     2 |     2 ||     4
 Stab: Sleeping          |     2 |       ||     2
Armor: Robe              |    27 |    10 ||    37
Dodge: Dodged            |    62 |    15 ||    77

Levels and vault maps discovered:
D:1:      minmay_arrival_solitary_statue, layout_loops_corners
D:2:      layout_basic, chequers_ecumenical_altar_simple_redux, serial_shops,
          shop, corexii_item_surrounded_by_moat, uniq_robin
D:3:      layout_basic, hangedman_decor_growths, minmay_increasing_density

Notes
Turn   | Place    | Note
-------+----------+-------------------------------------------
     0 | D:1      | Faeu the Djinni Transmuter began the quest for the Orb.
     0 | D:1      | Reached XP level 1. HP: 17/17 MP: 0/0
     0 | D:1      | magus.rc [v1.9.6]
   742 | D:1      | Reached XP level 2. HP: 14/22 MP: 0/0
  1091 | D:1      | HP: 5/22 [dart slug/slug dart (3)]
  1826 | D:2      | Noticed Robin
  1935 | D:2      | Reached XP level 3. HP: 28/28 MP: 0/0
  1935 | D:2      | Learned a level 1 spell: Pain
  2021 | D:2      | Found a faded altar of an unknown god.
  2082 | D:2      | Reached skill level 2 in Fighting
  2149 | D:2      | Found Ihedaost's Antique Armour Boutique.
  2224 | D:2      | Reached skill level 1 in Short Blades
  2917 | D:2      | Reached XP level 4. HP: 33/33 MP: 0/0
  3132 | D:3      | HP: 8/34 [orc/+0 short sword (1)]
  3137 | D:3      | HP: 2/34 [adder (3)]
  3140 | D:3      | Slain by an adder

Vanquished Creatures
  2 adders (D:2)
  A dart slug (D:1)
  A ball python (D:1)
  A bat (D:2)
  2 endoplasms
  6 goblins
  5 hobgoblins
  2 jackals (D:1)
  4 kobolds
  2 frilled lizards
  5 rats
31 creatures vanquished.

Table legend:
 A = Non-vault XP
 B = Vault XP
 C = Vault XP percentage of total XP
 D = Non-vault monster count
 E = Vault monster count
 F = Vault count percentage of total count
                 A         B        C        D         E       F
            +---------+---------+-------+---------+---------+-------
      Total |      67 |       8 |  10.7 |      27 |       4 |  12.9
            +---------+---------+-------+---------+---------+-------
        D:1 |      25 |       2 |   7.4 |      14 |       1 |   6.7
        D:2 |      39 |       6 |  13.3 |      10 |       3 |  23.1
        D:3 |       3 |       0 |   0.0 |       3 |       0 |   0.0
            +---------+---------+-------+---------+---------+-------

Illustrated notes

Table legend:
 A = Kills in this place as a percentage of kills in entire the game.
 B = Kills by you in this place as a percentage of kills by you in the entire game.
 C = Kills by friends in this place as a percentage of kills by friends in the entire game.
 D = Other kills in this place as a percentage of other kills in the entire game.
 E = Experience gained in this place as a percentage of experience gained in the entire game.
 F = Experience gained in this place divided by the number of levels of this place that you have seen.
                   A       B       C       D       E      F
               +-------+-------+-------+-------+-------+----------------------
         Total | 100.0 | 100.0 |   N/A |   N/A | 100.0 |  25.0
       Dungeon | 100.0 | 100.0 |   N/A |   N/A | 100.0 |  25.0
               +-------+-------+-------+-------+-------+----------------------

Table legend: (Time is in decaauts)
 A = Elapsed time spent in this place.
 B = Non-inter-level travel time spent in this place.
 C = Inter-level travel time spent in this place.
 D = Time resting spent in this place.
 E = Time spent auto-exploring this place.
 F = Levels seen in this place.
 G = Mean time per level.
                   A        B        C        D        E       F      G
               +--------+--------+--------+--------+--------+-----+--------+
         Total |   3150 |   2917 |    233 |    527 |   1390 |   3 | 1050.0 |
       Dungeon |   3150 |   2917 |    233 |    527 |   1390 |   3 | 1050.0 |
               +--------+--------+--------+--------+--------+-----+--------+

Top non-repeatable levels by time:
     D:1: 2173 daAuts
     D:2: 797 daAuts
     D:3: 179 daAuts
